[ AOE2 MATCH · #478977832 ]
1v1 RMMongols vs Vietnamese
Player's team · WIN
[ REPLAY ANALYSIS · EXTRACTED FROM THE RECORDED GAME ]
Feudal
9:08
Castle
22:20
Imperial
—
| APM avg | 41.2 |
| APM peak | 90 |
| eAPM avg | 10.3 |
| Villagers / military | 53 / 38 |
Focus
⚔️ 18.5% · 🌾 81.5%
Knight ×24 · Camel Scout ×10 · Scout Cavalry ×4
Feudal
10:29
Castle
17:38
Imperial
—
| APM avg | 28.9 |
| APM peak | 50 |
| eAPM avg | 17.2 |
| Villagers / military | 53 / 46 |
Focus
⚔️ 27.2% · 🌾 72.8%
Fire Lancer ×22 · Spearman ×9 · Skirmisher ×6 · Knight ×5 · Archer ×4
Match map
Initial resources + every placement click. Lines = walls · curves = elevation contours. ◆ gold · ⬟ stone · ● berries · ✦ relic · ◌ wall gap
Your base· Open — unwalled flank
Japanese2009's base· Open — unwalled flank
Smoothed initial terrain · ◌ = detected wall gap · hover for details
Inputs per minute
— Treyub - - Japanese2009
Build order — Treyub
145 actions detected in the replay
| 0:00 | Create | Villager (Male) |
| 0:01 | Create | Villager (Male) |
| 0:03 | Build | House |
| 0:04 | Build | House |
| 0:18 | Create | Villager (Male) |
| 0:19 | Create | Villager (Male) |
| 1:34 | Create | Villager (Male) |
| 1:34 | Create | Villager (Male) |
| 2:01 | Create | Villager (Male) |
| 2:01 | Create | Villager (Male) |
| 2:22 | Create | Villager (Male) |
| 2:42 | Create | Villager (Male) |
| 2:42 | Create | Villager (Male) |
| 2:48 | Build | Lumber Camp |
| 2:52 | Create | Villager (Male) |
| 3:20 | Create | Villager (Male) |
| 3:26 | Build | House |
| 3:51 | Create | Villager (Male) |
| 3:59 | Create | Villager (Male) |
| 4:14 | Create | Villager (Male) |
| 4:14 | Create | Villager (Male) |
| 4:50 | Create | Villager (Male) |
| 4:56 | Build | Mill |
| 6:04 | Create | Villager (Male) |
| 6:13 | Build | House |
| 6:23 | Create | Villager (Male) |
| 6:58 | Research | Feudal Age |
| 6:59 | Create | Villager (Male) |
| 7:22 | Research | Loom |
| 7:22 | Create | Villager (Male) |
| 8:18 | Build | Mill |
| 8:31 | Build | Barracks |
| 9:08 | Age | Feudal Age |
| 9:30 | Create | Villager (Male) |
| 9:31 | Create | Villager (Male) |
| 9:49 | Build | Stable |
| 10:01 | Build | House |
| 10:08 | Build | Palisade Wall |
| 10:12 | Build | Palisade Gate |
| 10:37 | Build | Farm |
| 10:37 | Build | Farm |
| 10:38 | Build | Farm |
| 10:44 | Build | Farm |
| 10:45 | Build | Farm |
| 10:45 | Build | Farm |
| 10:47 | Create | Scout Cavalry |
| 10:47 | Create | Scout Cavalry |
| 10:47 | Create | Scout Cavalry |
| 10:52 | Build | House |
| 10:58 | Build | Palisade Wall |
| 11:00 | Create | Villager (Male) |
| 11:01 | Create | Villager (Male) |
| 11:01 | Create | Villager (Male) |
| 11:11 | Build | House |
| 11:14 | Build | House |
| 11:41 | Create | Scout Cavalry |
| 11:56 | Build | House |
| 12:09 | Create | Villager (Male) |
| 13:09 | Build | Mining Camp |
| 13:14 | Build | Blacksmith |
| 13:16 | Build | Market |
| 13:31 | Build | Farm |
| 13:41 | Build | House |
| 13:45 | Build | Palisade Wall |
| 13:47 | Build | Palisade Wall |
| 13:49 | Create | Villager (Male) |
| 13:49 | Create | Villager (Male) |
| 14:19 | Create | Villager (Male) |
| 14:26 | Build | House |
| 14:28 | Build | House |
| 15:12 | Create | Villager (Male) |
| 15:13 | Create | Villager (Male) |
| 15:23 | Build | House |
| 15:41 | Build | Mining Camp |
| 15:50 | Build | House |
| 16:02 | Build | Palisade Wall |
| 16:09 | Build | Farm |
| 16:15 | Build | Farm |
| 16:15 | Build | Farm |
| 16:16 | Build | Farm |
| 16:16 | Build | Farm |
| 16:16 | Build | Farm |
| 16:16 | Build | Farm |
| 16:17 | Build | Farm |
| 16:17 | Build | Farm |
| 16:25 | Create | Villager (Male) |
| 16:26 | Create | Villager (Male) |
| 17:10 | Create | Villager (Male) |
| 17:22 | Create | Villager (Male) |
| 17:30 | Build | Farm |
| 17:30 | Build | Farm |
| 17:30 | Build | Farm |
| 17:30 | Build | Farm |
| 17:31 | Build | Farm |
| 18:11 | Create | Villager (Male) |
| 18:12 | Create | Villager (Male) |
| 19:03 | Create | Villager (Male) |
| 19:26 | Build | Stable |
| 19:32 | Build | Stable |
| 19:38 | Create | Villager (Male) |
| 19:40 | Research | Castle Age |
| 19:54 | Build | Lumber Camp |
| 21:07 | Build | House |
| 22:06 | Build | Farm |
| 22:08 | Build | House |
| 22:20 | Age | Castle Age |
| 22:20 | Build | House |
| 22:24 | Build | House |
| 22:37 | Create | Camel Scout ×5 |
| 22:37 | Create | Camel Scout ×5 |
| 23:18 | Research | Forging |
| 23:18 | Research | Scale Barding Armor |
| 24:19 | Research | Husbandry |
| 24:20 | Research | Bloodlines |
| 24:28 | Build | Farm |
| 24:34 | Build | House |
| 24:39 | Build | House |
| 24:41 | Create | Villager (Male) |
| 24:42 | Create | Villager (Male) |
| 24:43 | Create | Villager (Male) |
| 25:12 | Create | Villager (Male) |
| 25:15 | Create | Knight |
| 25:15 | Create | Knight |
| 25:33 | Research | Gold Mining |
| 25:46 | Create | Villager (Male) |
| 25:46 | Create | Villager (Male) |
| 26:05 | Build | Farm |
| 27:02 | Create | Villager (Male) |
| 27:04 | Create | Knight ×3 |
| 27:04 | Create | Knight ×3 |
| 27:51 | Create | Villager (Male) |
| 27:51 | Create | Villager (Male) |
| 27:54 | Create | Knight ×2 |
| 27:54 | Create | Knight ×2 |
| 27:54 | Create | Knight ×2 |
| 28:11 | Create | Knight ×5 |
| 28:11 | Create | Knight ×5 |
| 28:22 | Build | House |
| 29:00 | Build | House |
| 29:18 | Create | Villager (Male) |
| 29:18 | Create | Villager (Male) |
| 29:18 | Create | Villager (Male) |
| 29:35 | Build | Castle |
| 30:06 | Research | Iron Casting |
| 30:06 | Research | Chain Barding Armor |
Build order — Japanese2009
First 150 of 169 actions detected
| 0:02 | Create | Villager (Male) |
| 0:02 | Create | Villager (Male) |
| 0:02 | Create | Villager (Male) |
| 0:03 | Create | Villager (Male) |
| 0:04 | Build | House |
| 0:06 | Build | House |
| 1:26 | Create | Villager (Male) |
| 1:26 | Create | Villager (Male) |
| 1:45 | Build | Lumber Camp |
| 2:05 | Create | Villager (Male) |
| 2:05 | Create | Villager (Male) |
| 2:33 | Create | Villager (Male) |
| 2:33 | Create | Villager (Male) |
| 2:52 | Create | Villager (Male) |
| 2:52 | Create | Villager (Male) |
| 2:52 | Create | Villager (Male) |
| 3:39 | Create | Villager (Male) |
| 3:39 | Create | Villager (Male) |
| 3:39 | Create | Villager (Male) |
| 3:47 | Create | Villager (Male) |
| 3:47 | Create | Villager (Male) |
| 3:47 | Create | Villager (Male) |
| 4:02 | Build | House |
| 4:03 | Build | House |
| 4:34 | Create | Villager (Male) |
| 4:34 | Create | Villager (Male) |
| 4:34 | Create | Villager (Male) |
| 4:35 | Create | Villager (Male) |
| 4:35 | Create | Villager (Male) |
| 4:59 | Create | Villager (Male) |
| 4:59 | Create | Villager (Male) |
| 5:14 | Create | Villager (Male) |
| 5:14 | Create | Villager (Male) |
| 5:15 | Create | Villager (Male) |
| 5:15 | Create | Villager (Male) |
| 5:29 | Create | Villager (Male) |
| 5:29 | Create | Villager (Male) |
| 5:29 | Create | Villager (Male) |
| 6:01 | Create | Villager (Male) |
| 6:01 | Create | Villager (Male) |
| 6:01 | Create | Villager (Male) |
| 6:21 | Build | Mill |
| 6:37 | Create | Villager (Male) |
| 6:38 | Create | Villager (Male) |
| 7:39 | Build | Mining Camp |
| 8:10 | Research | Feudal Age |
| 8:37 | Build | Mill |
| 8:47 | Build | Farm |
| 8:50 | Research | Loom |
| 10:09 | Build | Barracks |
| 10:17 | Build | House |
| 10:29 | Age | Feudal Age |
| 10:54 | Research | Wheelbarrow |
| 11:00 | Build | Farm |
| 11:02 | Build | Farm |
| 11:05 | Create | Villager (Male) |
| 11:06 | Create | Villager (Male) |
| 12:49 | Build | Market |
| 12:55 | Build | Blacksmith |
| 12:58 | Build | House |
| 13:58 | Create | Spearman |
| 13:58 | Create | Spearman |
| 14:20 | Build | House |
| 14:22 | Build | House |
| 14:23 | Build | House |
| 14:51 | Build | House |
| 14:58 | Research | Castle Age |
| 14:58 | Research | Castle Age |
| 15:41 | Create | Spearman |
| 15:42 | Create | Spearman |
| 16:14 | Create | Spearman |
| 16:14 | Create | Spearman |
| 16:48 | Create | Spearman |
| 16:58 | Build | House |
| 17:32 | Build | Stable |
| 17:38 | Age | Castle Age |
| 17:40 | Build | Farm |
| 17:41 | Build | Farm |
| 17:43 | Build | Farm |
| 17:46 | Create | Villager (Male) |
| 17:57 | Create | Fire Lancer |
| 17:57 | Create | Fire Lancer |
| 18:13 | Build | House |
| 18:14 | Build | House |
| 18:25 | Build | Palisade Wall |
| 18:43 | Build | Palisade Wall |
| 18:47 | Build | Palisade Wall |
| 18:57 | Research | Horse Collar |
| 19:06 | Create | Fire Lancer |
| 19:06 | Create | Fire Lancer |
| 19:23 | Create | Villager (Male) |
| 19:36 | Build | House |
| 19:55 | Create | Knight |
| 19:55 | Create | Knight |
| 20:02 | Build | Farm |
| 20:08 | Create | Villager (Male) |
| 20:38 | Create | Spearman |
| 20:41 | Create | Spearman |
| 21:17 | Build | Archery Range |
| 21:19 | Build | Archery Range |
| 21:28 | Create | Villager (Male) |
| 21:40 | Build | Farm |
| 22:01 | Research | Town Watch |
| 23:35 | Create | Fire Lancer |
| 23:35 | Create | Fire Lancer |
| 23:36 | Create | Fire Lancer |
| 23:36 | Create | Fire Lancer |
| 23:36 | Create | Fire Lancer |
| 23:36 | Create | Fire Lancer |
| 23:40 | Research | Squires |
| 23:40 | Research | Arson |
| 23:45 | Research | Forging |
| 23:45 | Research | Scale Mail Armor |
| 24:01 | Create | Villager (Male) |
| 24:01 | Create | Villager (Male) |
| 24:26 | Build | House |
| 24:29 | Build | House |
| 24:31 | Build | House |
| 24:33 | Build | House |
| 24:40 | Research | Gold Mining |
| 24:56 | Create | Fire Lancer |
| 24:56 | Create | Fire Lancer |
| 25:27 | Build | Town Center |
| 25:32 | Create | Villager (Male) |
| 25:33 | Create | Villager (Male) |
| 25:33 | Create | Villager (Male) |
| 26:05 | Build | House |
| 26:07 | Build | House |
| 26:26 | Research | Scale Mail Armor |
| 26:30 | Create | Fire Lancer |
| 26:31 | Create | Fire Lancer |
| 26:31 | Create | Fire Lancer |
| 26:45 | Build | Lumber Camp |
| 27:00 | Create | Villager (Male) |
| 27:00 | Create | Villager (Male) |
| 27:00 | Create | Villager (Male) |
| 27:01 | Create | Villager (Male) |
| 27:14 | Build | Farm |
| 27:14 | Build | Farm |
| 27:15 | Build | Farm |
| 27:15 | Build | Farm |
| 27:16 | Build | Farm |
| 27:16 | Build | Farm |
| 27:17 | Build | Farm |
| 27:17 | Build | Farm |
| 27:17 | Build | Farm |
| 27:19 | Build | Farm |
| 27:43 | Create | Knight |
| 27:44 | Create | Knight |
| 27:44 | Create | Knight |
Match timeline
| 8:31 | Treyub · first_building Barracks |
| 9:08 | Treyub · age_up feudal |
| 9:49 | Treyub · first_building Stable |
| 10:08 | Treyub · wall_segment Palisade Wall x11 |
| 10:09 | Japanese2009 · first_building Barracks |
| 10:29 | Japanese2009 · age_up feudal |
| 10:58 | Treyub · wall_segment Palisade Wall x6 |
| 13:45 | Treyub · wall_segment Palisade Wall x4 |
| 13:47 | Treyub · wall_segment Palisade Wall x5 |
| 15:36 | Japanese2009 · first_market_sell 100 stone |
| 15:39 | Japanese2009 · first_market_buy 100 food |
| 16:02 | Treyub · wall_segment Palisade Wall x24 |
| 17:32 | Japanese2009 · first_building Stable |
| 17:38 | Japanese2009 · age_up castle |
| 18:25 | Japanese2009 · wall_segment Palisade Wall x7 |
| 18:43 | Japanese2009 · wall_segment Palisade Wall x3 |
| 18:47 | Japanese2009 · wall_segment Palisade Wall x18 |
| 21:17 | Japanese2009 · first_building Archery Range |
| 22:20 | Treyub · age_up castle |
| 27:58 | Treyub · first_market_sell 100 wood |
| 28:03 | Treyub · first_market_buy 100 stone |
| 29:35 | Treyub · first_building Castle |
| 30:53 | Japanese2009 · resign |
[ AI ANALYSIS · 1 CREDIT ]
What really happened in this match?
Wolo.gg analyzes every decision: build order, eco, micro, common mistakes by bracket. Personalized analysis on WhatsApp or Discord in 30 seconds.
Civ guide
Mongols
Map guide
Arabia
Perfil
Jugador #4485176